 Dungeon Crawl Stone Soup version 0.30-a0-586-g23e55c9e0a (webtiles) character file.

Game seed: 9911356734407552158

865 cforsyth the Ruffian (level 8, 0/70 HPs)
             Began as a Ghoul Monk on Jan 3, 2023.
             Slain by a gnoll
             ... wielding a +0 spear
             ... led by a gnoll sergeant
              (3 damage)
             ... on level 5 of the Dungeon.
             The game lasted 00:05:20 (4988 turns).

cforsyth the Ruffian (Ghoul Monk)                   Turns: 4988, Time: 00:05:20

Health: 0/70       AC: 11    Str: 17      XL:     8   Next: 3%
Magic:  7/7        EV:  7    Int:  4 (5)  God:
Gold:   276        SH:  0    Dex:  9 (11) Spells: 7/7 levels left

rFire   . . .      SeeInvis .      - Unarmed
rCold   + . .      Faith    .    (no shield)
rNeg    + + +      Spirit   .    l - +0 chain mail
rPois   ∞          Reflect  .    j - +1 hat
rElec   .          Harm     .    (no cloak)
rCorr   .          Rampage  .    (no gloves)
Will    .....                    i - +0 pair of boots Stlth
                                 (no amulet)
HPRegen 0.00/turn                (no ring)
MPRegen 0.10/turn                (no ring)

@: flying, inhibited regen
A: claws 1, cold resistance 1, negative energy resistance 3, inhibited
regeneration, torment resistance 2, devour on kill
a: no special abilities


You were on level 5 of the Dungeon.
You visited 1 branch of the dungeon, and saw 5 of its levels.

You collected 276 gold pieces.

Inventory:

Armour
 i - a +0 pair of boots (worn)
 j - a +1 hat (worn)
 l - a +0 chain mail (worn)
Wands
 s - a wand of roots (8)
Scrolls
 d - 5 scrolls of identify {unknown}
 e - a scroll of enchant armour {unknown}
 f - 3 scrolls of noise
 g - 2 scrolls of teleportation {unknown}
 m - a scroll of vulnerability {unknown}
 o - a scroll of fog {unknown}
 p - a scroll of amnesia {unknown}
 q - a scroll of magic mapping {unknown}
 r - a scroll of immolation {unknown}
Potions
 a - 2 potions of flight
 b - a potion of ambrosia
 c - 2 potions of curing
 h - a potion of mutation
 k - a potion of lignification
 n - a potion of attraction {unknown}


   Skills:
 + Level 6.3 Fighting
 + Level 3.7 Armour
 - Level 3.3 Dodging
 - Level 3.3 Stealth
 + Level 6.3 Unarmed Combat


You had 7 spell levels left.
You didn't know any spells.
Your spell library contained the following spells:

 Spells                   Type           Power      Damage    Failure   Level
 Inner Flame              Hex/Fire       0%         N/A       100%        3
 Flame Wave               Conj/Fire      0%         2d4       100%        4
 Sticky Flame             Conj/Fire      0%         2d3       100%        4


Dungeon Overview and Level Annotations

Branches:
Dungeon (5/15)
 Temple: D:4-7

Altars:
Hepliaklqana
Kikubaaqudgha


Innate Abilities, Weirdness & Mutations

You are immune to poison.
You have sharp fingernails.
Your flesh is cold resistant. (rC+)
You are immune to negative energy. (rN+++)
You do not regenerate when monsters are visible.
You are immune to unholy pain and torment.
You thrive by killing the living.


Message History

The black bear barely misses you.
The black bear bites you but does no damage.
The black bear claws you but does no damage.
The black bear barely misses you.
Unknown command.
It was a potion of flight.
You feel very buoyant.
You fly up into the air.
The gnoll sergeant hits you but does no damage.
The black bear bites you!
* * * LOW HITPOINT WARNING * * *
The black bear completely misses you. The black bear claws you.
* * * LOW HITPOINT WARNING * * *
It was a potion of curing.
You feel better. The black bear barely misses you. The black bear claws you.
* * * LOW HITPOINT WARNING * * *
The black bear claws you but does no damage.
The gnoll sergeant hits you but does no damage.
The black bear barely misses you.
The black bear claws you but does no damage.
The black bear barely misses you.
It was a potion of lignification.
You feel woody for a moment.
The gnoll sergeant hits you but does no damage.
The gnoll hits you but does no damage. The black bear bites you.
* * * LOW HITPOINT WARNING * * *
The black bear barely misses you.
The black bear claws you but does no damage.
It was a potion of mutation.
You feel extremely strange.
Your body decomposes!
You feel dopey.
Your body decomposes!
You feel clumsy.
Your body decomposes!
You feel clumsy. The black bear bites you.
* * * LOW HITPOINT WARNING * * *
The black bear claws you but does no damage. x2
The gnoll sergeant closely misses you.
The gnoll hits you from afar with a +0 spear.
You die...

....+ .... .†.## ##
...# # ...###.##
#######...##..
........#
#.............
........#
#.....g.......
........+
#.....g.......
##.######
###.##..######
##.###############g.#
..............#.@hg.#
..............).....#
##....#..#..###...#..#
##############...####
#.......# #.......#
#.......## ##.......#
#########


You could see a black bear (berserk), a gnoll sergeant and a gnoll.

Vanquished Creatures
  Sigmund (D:3)
  A centaur (D:4)
  An ogre (D:5)
  A phantom (D:5)
  A scorpion (D:5)
  A hound (D:5)
  2 jellies
  2 orc priests (D:4)
  3 iguanas
  Terence (D:2)
  2 adders (D:3)
  5 gnolls
  An ufetubus (D:5)
  3 worms (D:2)
  5 dart slugs
  7 orcs
  6 endoplasms
  A giant cockroach (D:1)
  7 goblins
  10 hobgoblins
  2 quokkas
  6 ball pythons
  A bat (D:2)
  3 frilled lizards
  8 kobolds
81 creatures vanquished.

Notes
Turn   | Place    | Note
-------+----------+-------------------------------------------
     0 | D:1      | cforsyth the Ghoul Monk began the quest for the Orb.
     0 | D:1      | Reached XP level 1. HP: 19/19 MP: 0/0
   277 | D:1      | Reached XP level 2. HP: 26/26 MP: 1/1
   932 | D:2      | Reached XP level 3. HP: 10/31 MP: 2/2
  1045 | D:2      | Found an ancient bone altar of Kikubaaqudgha.
  1286 | D:2      | Reached XP level 4. HP: 17/40 MP: 3/3
  1425 | D:2      | You fall into a shaft and drop 1 floor!
  1614 | D:2      | Noticed Terence
  1639 | D:2      | Killed Terence
  2083 | D:3      | Noticed Sigmund
  2561 | D:3      | Killed Sigmund
  2562 | D:3      | Reached skill level 1 in Armour
  2562 | D:3      | Reached XP level 5. HP: 34/47 MP: 4/4
  2562 | D:3      | Reached XP level 6. HP: 40/55 MP: 5/5
  3174 | D:4      | Reached skill level 5 in Fighting
  3174 | D:4      | Reached skill level 5 in Unarmed Combat
  3470 | D:3      | Reached XP level 7. HP: 15/61 MP: 6/6
  4256 | D:4      | Found a hazy altar of Hepliaklqana.
  4409 | D:5      | Entered Level 5 of the Dungeon
  4898 | D:5      | Reached XP level 8. HP: 68/70 MP: 7/7
  4988 | D:5      | HP: 3/70 [black bear (1)]
  4988 | D:5      | Slain by a gnoll

Illustrated notes

Levels and vault maps discovered:
D:1:      elethiomel_arrival_shortcut, layout_basic
D:2:      layout_loops_ring, basic_altar, columned_hall_lemuel, nrook_uturn,
          uniq_terence
D:3:      minmay_spotlight, layout_basic, uniq_sigmund
D:4:      layout_basic, mainiacjoe_overflow_small_starburst
D:5:      layout_gridville

Skill      XL: |  1  2  3  4  5  6  7 |
---------------+----------------------+-----
Dodging        | 3 |  3.3
Stealth        | 3 |  3.3
Fighting       | 4 5 6 |  6.3
Unarmed Combat | 4 5 6 |  6.3
Armour         | 1 2 3 |  3.7

Action                   |  1- 3 |  4- 6 |  7- 9 || total
-------------------------+-------+-------+-------++-------
Melee: Unarmed           |    84 |   148 |    95 ||   327
       Punch             |     3 |     7 |     5 ||    15
  Use: Potion            |       |       |     4 ||     4
       Scroll            |       |       |     1 ||     1
 Stab: Sleeping          |     1 |     1 |       ||     2
Armor: Robe              |    15 |     8 |       ||    23
       Chain mail        |       |    68 |    48 ||   116
Dodge: Dodged            |    40 |    47 |    55 ||   142

Table legend: (Time is in decaauts)
 A = Elapsed time spent in this place.
 B = Non-inter-level travel time spent in this place.
 C = Inter-level travel time spent in this place.
 D = Time resting spent in this place.
 E = Time spent auto-exploring this place.
 F = Levels seen in this place.
 G = Mean time per level.
                   A        B        C        D        E       F      G
               +--------+--------+--------+--------+--------+-----+--------+
         Total |   4967 |   4882 |     85 |   1372 |   2733 |   5 |  993.4 |
       Dungeon |   4967 |   4882 |     85 |   1372 |   2733 |   5 |  993.4 |
               +--------+--------+--------+--------+--------+-----+--------+

Top non-repeatable levels by time:
     D:2: 1527 daAuts
     D:3: 1157 daAuts
     D:4: 993 daAuts
     D:1: 897 daAuts
     D:5: 391 daAuts
